 Dungeon Crawl Stone Soup version 0.20-a0-939-g04f5055 (webtiles) character file.

1866 krabocopter the Cleaver (level 9, -1/73 HPs)
             Began as a Hill Orc Gladiator on Mar 30, 2017.
             Was an Elder of the Shining One.
             Killed from afar by an orc wizard (3 damage)
             ... with a puff of flame
             ... on level 6 of the Dungeon.
             The game lasted 00:19:21 (6447 turns).

krabocopter the Cleaver (Hill Orc Gladiator)        Turns: 6447, Time: 00:19:22

Health: -1/73      AC:  6    Str: 23      XL:     9   Next: 13%
Magic:  9/9        EV: 18    Int:  7 (8)  God:    the Shining One [****..]
Gold:   336        SH:  0    Dex: 19      Spells: 8/8 levels left

rFire    + . .     SeeInvis .   a - +0 war axe
rCold    . . .     Gourm    .   (no shield)
rNeg     + + .     Faith    .   b - +0 leather armour
rPois    .         Spirit   .   c - +0 helmet
rElec    .         Reflect  .   (no cloak)
rCorr    .         Harm     .   E - +0 pair of gloves
MR       .....                  l - +0 pair of boots
Stlth    +.........             (no amulet)
Regen    0.3/turn               r - ring of protection from fire
MPRegen  0.2/turn               m - +3 ring of strength

@: agile, glowing
A: frail 1, screaming 1, strong 1
a: Divine Shield, Cleansing Flame, Renounce Religion


You were on level 6 of the Dungeon.
You worshipped the Shining One.
The Shining One was greatly pleased with you.
You were not hungry.

You visited 1 branch of the dungeon, and saw 6 of its levels.
You also visited: Ossuary.

You collected 408 gold pieces.
You spent 72 gold pieces at shops.

Inventory:

Hand Weapons
 a - a +0 war axe (weapon)
 D - a +0 blowgun
Missiles
 d - 3 throwing nets (quivered)
 C - 6 curare-tipped needles
Armour
 b - a +0 leather armour (worn)
 c - a +0 helmet (worn)
 l - a +0 pair of boots (worn)
 E - a +0 pair of gloves (worn)
Jewellery
 m - a +3 ring of strength (right hand)
 r - a ring of protection from fire (left hand)
Scrolls
 e - 7 scrolls of identify
 h - 4 scrolls of teleportation
 i - 2 scrolls of magic mapping
 k - a scroll of enchant armour {unknown}
 n - 2 scrolls of recharging
 s - a scroll of noise {unknown}
 t - a scroll of immolation {unknown}
 v - a scroll of remove curse
 y - a scroll of blinking {unknown}
 B - a scroll of enchant weapon {unknown}
Potions
 j - a potion of brilliance
 o - 3 potions of heal wounds
 u - 3 potions of lignification
 w - 3 potions of curing
 x - a potion of haste
 A - 2 potions of flight
Books
 q - a book of Misfortune

   Spells                             Type                      Level
   a - Confusing Touch                Hexes                        1
   b - Confuse                        Hexes                        3
   c - Gell's Gravitas                Translocation                3
   d - Petrify                        Transmutation/Earth          4
   e - Metabolic Englaciation         Hexes/Ice                    5
   f - Yara's Violent Unravelling     Hexes/Transmutation          5
Comestibles
 f - 3 bread rations
 g - 6 fruits
 p - a royal jelly
 F - a meat ration


   Skills:
 + Level 8.3 Fighting
 * Level 12.5 Axes
 - Level 1.7 Throwing
 - Level 2.4 Dodging


You had 8 spell levels left.
You didn't know any spells.

Dungeon Overview and Level Annotations

Branches:
Dungeon (6/15)             Temple (0/1) D:4

Altars:
Fedhas
Gozag
Sif Muna
Vehumet
Wu Jian
The Shining One

Shops:
D:4 ?

Annotations:
D:5 exclusion: statue


Innate Abilities, Weirdness & Mutations

You are frail. (-10% HP)
You occasionally shout uncontrollably at your foes.
Your muscles are strong. (Str +2)


Message History

The floor, spattered with blood.
This square is lit by a halo.
The cyclops throws a large rock.
The large rock hits you!!
You see here a large rock.
You take 22 damage, and have 31/73 hp.
MASSIVE DAMAGE!!
You feel agile all of a sudden.
You shout at the orc!
An orc comes into view. It is wielding a mace.
The orc shouts!
The cyclops throws a large rock.
The large rock hits you!!
* * * LOW HITPOINT WARNING * * *
You see here a large rock.
You take 20 damage, and have 12/73 hp.
MASSIVE DAMAGE!!
The orc wizard points at you and mumbles some strange words.
The puff of frost hits you!
* * * LOW HITPOINT WARNING * * *
You take 11 damage, and have 1/73 hp.
The orc wizard casts a spell at you. The puff of flame hits you! You resist.
You die...

##.........>.##
#..###..#..........#
#.....#.#...........
#....#.............
#.#.###...........
#....##..........# #.
##.....#.........##
#.##.......<.......... #.#
#....@####.####### #.#
##...## #.# #.# ##.## #.#
#.#####.######.######
######.....o.............#
#.........o#########.###....
#.####.##..# #### #..# .
####.##..# #.... .....
#.(..##.o##..... ......


You could see an orc wizard and an orc.

Vanquished Creatures
  Grinder (D:3)
  3 phantoms
  An ogre (D:5)
  A bullfrog (D:6)
  An elf zombie (Ossuary)
  A water moccasin zombie (D:5)
  3 scorpions
  4 centaur zombies (Ossuary)
  A jelly (D:5)
  A hound (D:4)
  An orc priest (D:6)
  4 orc wizards
  A bullfrog skeleton (D:5)
  2 iguanas
  Natasha (thrice) (D:2)
  Terence (D:2)
  2 worker ants
  A big kobold zombie (Ossuary)
  An ogre zombie (Ossuary)
  A hound skeleton (D:5)
  7 mummies (Ossuary)
  6 gnolls (D:4)
  3 adders
  A river rat (D:5)
  2 oozes
  6 adder zombies (Ossuary)
  7 worms
  2 dart slugs
  8 leopard geckos
  23 orcs
  6 ball pythons
  8 bats
  6 giant cockroaches
  8 goblins
  9 hobgoblins
  6 jackals
  8 kobolds
  4 quokkas
  5 frilled lizards
  3 goblin zombies (Ossuary)
  4 hobgoblin zombies (Ossuary)
  A jackal skeleton (D:4)
  5 kobold zombies (Ossuary)
  An orc zombie (Ossuary)
  A quokka skeleton (D:4)
  2 quokka zombies (Ossuary)
  6 rats
  2 rat zombies (Ossuary)
184 creatures vanquished.

Notes
Turn   | Place    | Note
-------+----------+-------------------------------------------
     0 | D:1      | krabocopter the Hill Orc Gladiator began the quest for the Orb.
     0 | D:1      | Reached XP level 1. HP: 18/18 MP: 1/1
   378 | D:1      | Reached XP level 2. HP: 20/25 MP: 2/2
  1066 | D:1      | Reached skill level 5 in Axes
  1418 | D:1      | Reached XP level 3. HP: 30/30 MP: 3/3
  1428 | D:2      | Noticed Natasha
  1516 | D:2      | Gained mutation: You occasionally shout uncontrollably at your foes. [potion of mutation]
  1516 | D:2      | Gained mutation: You are frail. (-10% HP) [potion of mutation]
  1516 | D:2      | Gained mutation: Your muscles are strong. (Str +2) [potion of mutation]
  1519 | D:2      | Killed Natasha
  1706 | D:2      | Noticed Natasha
  1715 | D:2      | Killed Natasha
  1715 | D:2      | Reached skill level 6 in Axes
  1715 | D:2      | Reached XP level 4. HP: 29/34 MP: 4/4
  1917 | D:2      | Noticed Natasha
  1922 | D:2      | Killed Natasha
  1922 | D:2      | Reached XP level 5. HP: 13/41 MP: 5/5
  2382 | D:2      | Noticed Terence
  2391 | D:2      | Killed Terence
  2471 | D:2      | Reached skill level 7 in Axes
  2970 | D:3      | Noticed Grinder
  2995 | D:3      | Reached XP level 6. HP: 31/47 MP: 6/6
  3018 | D:3      | Killed Grinder
  3018 | D:3      | Reached skill level 5 in Fighting
  3018 | D:3      | Reached skill level 8 in Axes
  3018 | D:3      | Reached XP level 7. HP: 46/54 MP: 7/7
  3383 | D:3      | Found an ornate altar of the Wu Jian Council.
  3383 | D:3      | Found a deep blue altar of Sif Muna.
  3383 | D:3      | Found a glowing golden altar of the Shining One.
  3384 | D:3      | Found an opulent altar of Gozag.
  3393 | D:3      | Became a worshipper of the Shining One
  3736 | D:4      | Reached skill level 9 in Axes
  3967 | D:4      | Found Lifer's Magic Scroll Emporium.
  3982 | D:4      | Bought 2 scrolls of teleportation for 72 gold pieces
  4016 | D:4      | Found a sand-covered staircase.
  4038 | Ossuary  | Entered an ossuary
  4072 | Ossuary  | Reached * piety under the Shining One
  4258 | Ossuary  | Reached skill level 10 in Axes
  4288 | Ossuary  | Reached XP level 8. HP: 39/63 MP: 8/8
  4414 | Ossuary  | Reached ** piety under the Shining One
  4542 | Ossuary  | Reached *** piety under the Shining One
  4761 | D:4      | Reached skill level 11 in Axes
  5194 | D:4      | Found a staircase to the Ecumenical Temple.
  5309 | D:5      | Entered Level 5 of the Dungeon
  5309 | D:5      | Found a blossoming altar of Fedhas.
  5750 | D:5      | Reached skill level 12 in Axes
  5863 | D:5      | Found a radiant altar of Vehumet.
  6072 | D:5      | Reached XP level 9. HP: 66/72 MP: 9/9
  6424 | D:6      | Reached **** piety under the Shining One
  6428 | D:6      | Noticed a cyclops
  6440 | D:6      | HP: 1/73 [orc wizard/puff of frost (11)]
  6447 | D:6      | Killed from afar by an orc wizard

Vault maps used:
D:1:      dpeg_arrival_signposts
D:2:      feat_on_display, uniq_terence, uniq_natasha
D:3:      grunt_temple_overflow_open, uniq_grinder
D:4:      minmay_temple_entry_statues_pillars, enter_ossuary_1, first_bread,
          serial_shops, shop
D:5:      corexii_shack_village, vehumet_statue, gup_sewer_entry_spiral,
          basic_altar
D:6:      hangedman_cross_stitches, lemuel_doored_altar
Ossuary:  ossuary_boxes_badplayer

Skill      XL: |  1  2  3  4  5  6  7  8 |
---------------+-------------------------+-----
Axes           | 5 6 7 8 10 12 | 12.5
Fighting       | 3 4 5 6 8 |  8.3
Throwing       | |  1.7
Dodging        | |  2.4

Action                   |  1- 3 |  4- 6 |  7- 9 || total
-------------------------+-------+-------+-------++-------
Melee: War axe           |    71 |   129 |   334 ||   534
  Use: Scroll            |     1 |     1 |     4 ||     6
       Potion            |     2 |     5 |     4 ||    11
 Stab: Sleeping          |     2 |       |       ||     2
  Eat: Chunk             |     2 |     4 |    11 ||    17
       Fruit             |       |       |     1 ||     1
Armor: Leather armour    |    32 |    35 |    54 ||   121
Dodge: Dodged            |    52 |    90 |   151 ||   293
